AoeStats
← mryendl2410

Lombardia

509078007Analyzed
4v4 RM · 8d ago on Sep 25, 2026· 46m 6s· 8 players
Game mode
Random Map
Map size
Large (8 player)
Population
200
Speed
Normal
Resources
Standard
Victory
Conquest
Starting age
Dark Age
Ending age
Imperial Age
RankedLock teamsTeams togetherTeam positionsShared explorationLock speedFull tech treeHidden civsTurbo modeCheats
Victory
Defeat
🇦🇷 Italians · Argentina
1435
+11
🇻🇳 Persians · Vietnam
1408
+12
🇨🇳 Celts · China
1295
+16
1239
+19
🇨🇳 Goths · China
1344
-16
🇨🇳 Saxons · China
1324
-15
🇧🇷 Danes · Brazil
1324
-15
🇨🇿 Malians · Czechia
1251
-12
DolfCZ
12:24 Feudal Age
10:40 Loom
14:26 Double-Bit Axe
16:57 Castle Age
14:53 Stone Mining
14:56 Gold Mining
15:23 Horse Collar
17:58 Scale Mail Armor
18:25 Bow Saw
18:18 Heavy Plow
23:00 Squires
24:47 Arson
25:22 Chain Mail Armor
31:35 Imperial Age
31:50 Forging
32:24 Wheelbarrow
32:40 Conscription
31:57 Elite Gbeto
33:30 Iron Casting
35:04 Plate Mail Armor
CNZS_溪超
11:34 Feudal Age
12:45 Double-Bit Axe
15:10 Castle Age
13:32 Horse Collar
16:46 Bow Saw
22:51 Heavy Plow
24:40 Wheelbarrow
23:51 Loom
26:16 Hand Cart
25:59 Gold Mining
29:04 Imperial Age
30:54 Chemistry
29:35 Treadmill Crane
29:58 Scale Mail Armor
30:31 Conscription
30:52 Crop Rotation
30:15 Town Watch
30:25 Fletching
31:46 Gold Shaft Mining
31:02 Stone Mining
32:19 Two-Man Saw
32:49 Chain Mail Armor
32:44 Forging
33:36 Squires
33:22 Arson
34:12 Plate Mail Armor
33:31 Shield Wall
35:22 Iron Casting
34:43 Gambesons
35:18 Bodkin Arrow
35:05 Elite Hearth Troop
35:12 Pikeman
36:20 Halberdier
37:37 Elite Varangian Guard
38:33 Bracer
39:39 Town Patrol
39:44 Padded Archer Armor
40:33 Hoardings
40:35 Guilds
40:46 Masonry
42:11 Murder Holes
AURA FARMER
9:43 Loom
11:39 Feudal Age
15:49 Castle Age
14:51 Double-Bit Axe
14:47 Horse Collar
17:31 Bow Saw
20:36 Gold Mining
22:10 Wheelbarrow
22:46 Stone Mining
24:46 Town Watch
26:08 Town Patrol
26:55 Hand Cart
27:23 Scale Mail Armor
27:42 Forging
31:57 Imperial Age
29:47 Pikeman
30:29 Squires
30:46 Chain Mail Armor
30:44 Heavy Plow
31:25 Gold Shaft Mining
31:14 Fletching
32:27 Arson
33:46 Chemistry
33:08 Ballistics
32:56 Siege Engineers
34:26 Plate Mail Armor
33:18 Halberdier
34:52 Conscription
34:04 Hamask
36:34 Onager
38:05 Masonry
38:56 Northmen's Fury
12014665
7:45 Loom
10:12 Feudal Age
19:56 Castle Age
18:18 Double-Bit Axe
18:15 Horse Collar
18:52 Stone Mining
21:16 Wheelbarrow
21:17 Bow Saw
28:27 Scale Mail Armor
28:55 Heavy Plow
30:27 Forging
30:09 Gold Mining
32:19 Stone Shaft Mining
35:38 Imperial Age
33:58 Chain Mail Armor
35:17 Iron Casting
35:29 Hand Cart
35:24 Pikeman
37:21 Blast Furnace
36:26 Halberdier
37:07 Squires
37:37 Conscription
38:33 Two-Man Saw
39:14 Anarchy
39:32 Fletching
39:42 Padded Archer Armor
39:41 Elite Huskarl
40:22 Perfusion
三十分钟后没有我
6:48 Loom
9:08 Feudal Age
12:11 Double-Bit Axe
15:47 Castle Age
13:31 Horse Collar
19:44 Fletching
20:45 Bodkin Arrow
22:35 Padded Archer Armor
22:33 Town Watch
24:44 Wheelbarrow
25:25 Ballistics
26:36 Leather Archer Armor
27:24 Heavy Plow
29:30 Gold Mining
32:41 Imperial Age
30:24 Stone Mining
31:38 Hand Cart
31:53 Bow Saw
33:18 Masonry
33:04 Murder Holes
33:28 Bracer
34:04 Elite Genoese Crossbowman
35:05 Conscription
37:01 Ring Archer Armor
39:15 Two-Man Saw
38:31 Forging
40:15 Silk Road
40:03 Town Patrol
40:56 Scale Mail Armor
41:31 Iron Casting
46:07 Chain Mail Armor
46:52 Blast Furnace
种田玩家打队友别打我
6:37 Loom
9:19 Feudal Age
10:10 Double-Bit Axe
11:37 Horse Collar
16:55 Town Watch
22:36 Castle Age
21:45 Bloodlines
22:59 Wheelbarrow
22:56 Gold Mining
23:15 Scale Barding Armor
24:02 Bow Saw
23:56 Heavy Plow
25:58 Gold Shaft Mining
26:23 Forging
26:34 Chain Barding Armor
32:04 Imperial Age
30:39 Hand Cart
32:52 Iron Casting
32:33 Cavalier
36:18 Paladin
38:53 Two-Man Saw
38:41 Plate Barding Armor
39:07 Blast Furnace
39:09 Coinage
38:40 Caravan
43:00 Stone Mining
43:48 Padded Archer Armor
44:59 Conscription
mryendl2410
10:30 Feudal Age
14:43 Castle Age
13:28 Double-Bit Axe
13:24 Horse Collar
16:26 Bow Saw
17:36 Wheelbarrow
19:35 Heavy Plow
22:16 Gold Mining
28:17 Imperial Age
25:38 Loom
26:14 Bloodlines
26:23 Husbandry
26:52 Scale Barding Armor
27:19 Forging
28:39 Chain Barding Armor
30:31 Gold Shaft Mining
31:01 Plate Barding Armor
29:53 Cavalier
31:10 Iron Casting
32:03 Hand Cart
31:18 Savar
33:00 Blast Furnace
32:32 Caravan
32:23 Town Watch
35:18 Town Patrol
36:21 Crop Rotation
36:51 Two-Man Saw
44:09 Light Cavalry
cuilao8123
8:17 Loom
10:31 Feudal Age
11:06 Double-Bit Axe
11:08 Horse Collar
20:21 Castle Age
18:30 Stone Mining
20:44 Gold Mining
21:32 Wheelbarrow
21:12 Bow Saw
21:04 Heavy Plow
22:07 Town Watch
22:37 Hand Cart
26:49 Fletching
27:33 Bodkin Arrow
32:22 Stone Shaft Mining
32:23 Gold Shaft Mining
35:57 Imperial Age
36:20 Gold Shaft Mining
37:05 Conscription
36:56 Furor Celtica
36:10 Heavy Scorpion
36:32 Capped Ram
37:32 Guilds
37:50 Ballistics
38:30 Chemistry
39:15 Chemistry
38:20 Siege Engineers
38:25 Siege Ram
Connection lost

Rejoining the realm…

Still unreachable

The connection could not be restored.

Session expired

The server has moved on; the page needs a fresh start.